 Dungeon Crawl Stone Soup version 0.16.1-5-gaa23807 (webtiles) character file.

614014 reaverb the Wrestler (level 26, -3/279 HPs)
             Began as a Troll Monk on Mar 25, 2015.
             Was the Champion of Fedhas.
             Killed from afar by an orb of fire (9 damage)
             ... with a fireball
             ... on level 5 of the Realm of Zot on Mar 29, 2015.
             The game lasted 08:49:57 (85206 turns).

reaverb the Wrestler (Troll Monk)                  Turns: 85206, Time: 08:49:57

Health: -3/279     AC: 31    Str: 29    XL:     26   Next: 84%
Magic:  43/43      EV: 32    Int:  6    God:    Fedhas [******]
Gold:   5646       SH: 36    Dex: 29    Spells: 1 memorised, 26 levels left

rFire  + + +     SeeInvis .       - Unarmed
rCold  + + .     Clarity  .     B - +8 fire dragon armour
rNeg   + . .     SustAb   .     K - +14 large shield of the Armoured One {Str+3 Dex+4}
rPois  +         Gourm    +     Z - +2 hat
rElec  +         Spirit   .     W - +4 dragonskin cloak
rCorr  +         Warding  .     (gloves unavailable)
rMut   +         Stasis   .     (boots unavailable)
MR     ++...                    C - amulet of resist mutation
Stlth  +.........               G - ring "Weiwy" {rPois rC+ MR+ MP+9}
                                t - +4 ring of slaying

@: agile, about to teleport, resistant, very slightly contaminated, very
resistant to hostile enchantments, very unstealthy
A: unfitting armour, claws 3, fast metabolism 3, gourmand, regeneration 2,
shaggy fur 1, tough skin 2
a: Evolution, Sunlight, Growth, Reproduction, Rain, Renounce Religion
0: Orb of Zot
}: 3/15 runes: serpentine, barnacled, silver


You were on level 5 of the Realm of Zot.
You worshipped Fedhas.
Fedhas was exalted by your worship.
You were not hungry.

You visited 9 branches of the dungeon, and saw 53 of its levels.
You also visited: Labyrinth, Bailey and Volcano.

You collected 9299 gold pieces.
You spent 3216 gold pieces at shops.

Notes
Turn   | Place    | Note
--------------------------------------------------------------
     0 | D:1      | reaverb, the Troll Monk, began the quest for the Orb.
     0 | D:1      | Reached XP level 1. HP: 22/22 MP: 1/1
    90 | D:1      | Reached XP level 2. HP: 29/29 MP: 1/1
   643 | D:1      | Reached skill level 5 in Unarmed Combat
   643 | D:1      | Reached XP level 3. HP: 34/36 MP: 2/2
  1014 | D:2      | Huge Dmg: 9 Dmg
  1187 | D:2      | Found an iron altar of Okawaru.
  1214 | D:2      | Reached XP level 4. HP: 44/44 MP: 2/2
  1480 | D:3      | Found a blossoming altar of Fedhas.
  1584 | D:3      | Reached skill level 6 in Unarmed Combat
  1621 | D:3      | Became a worshipper of Fedhas Madash
  1621 | D:3      | Acquired Fedhas' first power
  1621 | D:3      | Acquired Fedhas' second power
  1963 | D:3      | Noticed Artificial's ghost (average GrWz)
  1973 | D:3      | Huge Dmg: 7 Dmg
  1975 | D:3      | Huge Dmg: 6 Dmg
  1981 | D:3      | Killed Artificial's ghost
  1981 | D:3      | Reached XP level 5. HP: 25/50 MP: 2/2
  2353 | D:4      | Reached XP level 6. HP: 56/61 MP: 3/3
  2605 | D:4      | Found a sacrificial altar of Ru.
  2633 | D:4      | Found an iron altar of Okawaru.
  2633 | D:4      | Found a snail-covered altar of Cheibriados.
  2635 | D:4      | Found a deep blue altar of Sif Muna.
  3002 | D:4      | Killed Smurfinger's ghost
  3054 | D:5      | Entered Level 5 of the Dungeon
  3190 | D:5      | Found a radiant altar of Vehumet.
  3261 | D:5      | Found Bosatri's Jewellery Shop.
  3270 | D:5      | Noticed Edmund
  3291 | D:5      | Huge Dmg: 15 Dmg
  3291 | D:5      | Killed Edmund
  3291 | D:5      | Reached XP level 7. HP: 37/70 MP: 3/3
  3414 | D:5      | Found a staircase to the Ecumenical Temple.
  3540 | D:5      | Reached skill level 7 in Unarmed Combat
  3746 | D:6      | Noticed Menkaure
  3750 | D:6      | Huge Dmg: 34 Dmg
  3751 | D:6      | Killed Menkaure
  3875 | D:6      | Reached skill level 8 in Unarmed Combat
  4172 | D:6      | Reached XP level 8. HP: 52/78 MP: 3/3
  4352 | D:6      | Reached skill level 9 in Unarmed Combat
  5000 | D:7      | Reached skill level 10 in Unarmed Combat
  5270 | D:7      | Reached skill level 5 in Fighting
  5475 | D:7      | Reached skill level 1 in Invocations
  5604 | D:8      | Reached XP level 9. HP: 77/88 MP: 6/9
  5670 | D:8      | Noticed Sharkman1231's ghost (experienced MfGl)
  5677 | D:8      | Huge Dmg: 19 Dmg
  5681 | D:8      | Killed Sharkman1231's ghost
  5891 | D:8      | Reached skill level 5 in Dodging
  6482 | D:9      | Noticed a centaur warrior
  6483 | D:9      | Huge Dmg: 18 Dmg
  6484 | D:9      | Huge Dmg: 18 Dmg
  6498 | D:9      | Huge Dmg: 14 Dmg
  6575 | D:9      | a centaur warrior changed into a snapping turtle
  6685 | D:9      | Noticed Blork the orc
  6700 | D:9      | Killed Blork the orc
  6700 | D:9      | Reached skill level 11 in Unarmed Combat
  6938 | D:9      | Found a shattered altar of Ashenzari.
  7067 | D:9      | Huge Dmg: 20 Dmg
  7107 | D:9      | Reached XP level 10. HP: 98/98 MP: 9/9
  7534 | D:10     | Entered Level 10 of the Dungeon
  7539 | D:10     | Noticed a hill giant
  7548 | D:10     | Huge Dmg: 30 Dmg
  7550 | D:10     | Killed a hill giant
  7550 | D:10     | Reached skill level 12 in Unarmed Combat
  7751 | D:10     | Acquired Fedhas' third power
  8002 | D:10     | Reached skill level 13 in Unarmed Combat
  8103 | D:10     | Huge Dmg: 18 Dmg
  8752 | D:10     | Found a staircase to the Lair.
  8788 | Lair:1   | Entered Level 1 of the Lair of Beasts
  8797 | Lair:1   | Noticed an eight-headed hydra
  9241 | Lair:1   | Killed a ten-headed hydra
  9241 | Lair:1   | Reached XP level 11. HP: 95/107 MP: 10/10
  9247 | Lair:1   | Noticed a six-headed hydra
  9261 | Lair:1   | Huge Dmg: 47 Dmg
  9263 | Lair:1   | Killed a 12-headed hydra
  9469 | Lair:1   | Huge Dmg: 27 Dmg
  9879 | Lair:1   | Huge Dmg: 23 Dmg
  9939 | Lair:1   | Found a shimmering altar of Xom.
 10124 | Lair:1   | Huge Dmg: 25 Dmg
 10366 | Lair:1   | Noticed a seven-headed hydra
 10371 | Lair:1   | Huge Dmg: 43 Dmg
 10373 | Lair:1   | Huge Dmg: 46 Dmg
 10958 | Lair:1   | Killed a ten-headed hydra
 11118 | Lair:2   | Acquired Fedhas' fourth power
 11239 | Lair:2   | Noticed Erica
 11254 | Lair:2   | Killed Erica
 12079 | Lair:2   | Huge Dmg: 19 Dmg
 12081 | Lair:1   | Huge Dmg: 14 Dmg
 12215 | Lair:1   | Reached XP level 12. HP: 110/119 MP: 11/11
 12582 | Lair:3   | Reached skill level 14 in Unarmed Combat
 12858 | Lair:3   | Huge Dmg: 22 Dmg
 12860 | Lair:3   | Huge Dmg: 12 Dmg
 13250 | Lair:3   | Huge Dmg: 29 Dmg
 13759 | Lair:4   | Huge Dmg: 27 Dmg
 13759 | Lair:4   | Reached skill level 15 in Unarmed Combat
 13929 | Lair:4   | Huge Dmg: 24 Dmg
 14241 | Lair:4   | Found a staircase to the Shoals.
 14312 | Lair:4   | Acquired Fedhas' fifth power
 14465 | Lair:4   | Huge Dmg: 23 Dmg
 14915 | Lair:4   | Noticed an eight-headed hydra
 14918 | Lair:4   | an eight-headed hydra changed into a queen ant
 15055 | Lair:5   | Found a glowing golden altar of the Shining One.
 15070 | Lair:5   | Found a dark tunnel.
 15090 | Volcano  | Entered a volcano
 15122 | Volcano  | Huge Dmg: 27 Dmg
 15123 | Volcano  | Huge Dmg: 17 Dmg
 15249 | Volcano  | Huge Dmg: 20 Dmg
 15504 | Lair:5   | Noticed a seven-headed hydra
 15508 | Lair:5   | Reached skill level 16 in Unarmed Combat
 15512 | Lair:5   | Huge Dmg: 23 Dmg
 15513 | Lair:5   | Huge Dmg: 32 Dmg
 15554 | Lair:5   | Huge Dmg: 19 Dmg
 15568 | Lair:5   | Huge Dmg: 31 Dmg
 15919 | Lair:5   | Killed a seven-headed hydra
 16560 | Lair:4   | Huge Dmg: 29 Dmg
 16737 | Lair:5   | Reached XP level 13. HP: 127/127 MP: 12/12
 17448 | Lair:6   | Reached skill level 17 in Unarmed Combat
 18219 | Lair:6   | Found a staircase to the Snake Pit.
 18378 | Lair:6   | Huge Dmg: 27 Dmg
 18641 | Lair:7   | Huge Dmg: 17 Dmg
 18662 | Lair:7   | Huge Dmg: 13 Dmg
 18899 | Lair:7   | Found a runed door.
 18900 | Lair:7   | Found a viscous altar of Jiyva.
 18901 | Lair:7   | Noticed an acid blob
 20253 | Lair:6   | Huge Dmg: 25 Dmg
 20345 | Lair:7   | Reached skill level 10 in Fighting
 20417 | Lair:7   | Huge Dmg: 29 Dmg
 20817 | Lair:8   | Entered Level 8 of the Lair of Beasts
 21274 | Lair:8   | Huge Dmg: 20 Dmg
 21889 | Lair:7   | Huge Dmg: 27 Dmg
 22129 | Lair:8   | Reached skill level 5 in Invocations
 22563 | Lair:8   | Reached XP level 14. HP: 131/144 MP: 18/18
 23131 | Lair:8   | Huge Dmg: 30 Dmg
 23147 | Lair:8   | Huge Dmg: 31 Dmg
 23149 | Lair:8   | Huge Dmg: 31 Dmg
 23152 | Lair:8   | Huge Dmg: 33 Dmg
 23628 | Lair:8   | Identified 2 scrolls of acquirement
 23629 | Lair:8   | Got a spiked large shield
 23635 | Lair:8   | Identified the +14 large shield of the Armoured One {Str+3 Dex+4} (You acquired it on level 8 of the Lair of Beasts)
 23723 | Lair:7   | Huge Dmg: 24 Dmg
 23724 | Lair:7   | Huge Dmg: 27 Dmg
 24329 | D:5      | Bought a +4 ring of slaying for 936 gold pieces
 24329 | D:5      | Bought an uncursed ring of ice for 300 gold pieces
 24770 | D:11     | Found a labyrinth entrance.
 24784 | Lab      | Entered a labyrinth
 24791 | Lab      | Upgraded the game from 0.16.1-2-g95b8d4c to 0.16.1-4-g8e1b745
 24849 | Lab      | Reached skill level 1 in Shields
 25037 | Lab      | Got a glittering turquoise ring
 25321 | D:11     | Found a runed door.
 25892 | D:12     | Noticed Grum
 25906 | D:12     | Killed Grum
 26126 | D:12     | Found a roughly hewn altar of Beogh.
 26195 | D:12     | Found a staircase to the Orcish Mines.
 26992 | D:12     | Reached skill level 5 in Shields
 27192 | D:12     | Found Puyryo's Distillery.
 27203 | D:12     | Bought a potion of resistance for 160 gold pieces
 28842 | D:14     | Found a gate to the Vaults.
 29348 | D:14     | Reached XP level 15. HP: 146/152 MP: 24/24
 29419 | D:15     | Entered Level 15 of the Dungeon
 29427 | D:15     | Identified the ring "Lirphuupo" {rC+ rN+ Dex+2} (You found it in a labyrinth)
 29628 | D:14     | Reached skill level 10 in Invocations
 29685 | D:14     | Reached skill level 1 in Armour
 29938 | D:14     | Huge Dmg: 33 Dmg
 30460 | D:15     | Noticed Maud
 30494 | D:15     | Huge Dmg: 33 Dmg
 30497 | D:15     | Killed Maud
 30577 | D:15     | Found a staircase to the Depths.
 30584 | D:15     | Reached skill level 5 in Armour
 30701 | D:15     | Huge Dmg: 36 Dmg
 30890 | D:15     | Huge Dmg: 43 Dmg
 31939 | Lair:2   | Got a shimmering cloak
 31950 | Lair:2   | Identified the -3 cloak "Tricvam" {rN++} (You acquired it on level 2 of the Lair of Beasts)
 32252 | Orc:1    | Entered Level 1 of the Orcish Mines
 33363 | Orc:3    | Found a flagged portal.
 33452 | Bailey   | Entered a bailey
 34470 | Orc:3    | Noticed Urug
 34488 | Orc:3    | Killed Urug
 34630 | Orc:4    | Entered Level 4 of the Orcish Mines
 34630 | Orc:4    | Noticed Snorg
 34664 | Orc:3    | Killed Snorg
 34924 | Orc:4    | Noticed Donald
 34942 | Orc:4    | Killed Donald
 35103 | Orc:3    | Huge Dmg: 33 Dmg
 35313 | Orc:4    | Gained mutation: You are clumsy. (Dex -2) [a neqoxec]
 35325 | Orc:4    | Reached XP level 16. HP: 162/162 MP: 25/25
 35380 | Orc:4    | Found a roughly hewn altar of Beogh.
 35384 | Orc:4    | Found Zusuys' Book Boutique.
 35420 | Orc:4    | Found Simiduoz's Antique Armour Boutique.
 35652 | Orc:4    | Found Ghytwaes' General Store.
 35667 | Orc:4    | Found Deyluat's Antique Weapon Boutique.
 35803 | Orc:4    | Found Zier's Antique Weapon Emporium.
 35901 | Orc:4    | Found a staircase to the Elven Halls.
 35915 | Orc:4    | Found a roughly hewn altar of Beogh.
 36473 | Snake:1  | Entered Level 1 of the Snake Pit
 38542 | Snake:2  | Reached skill level 10 in Dodging
 39600 | Snake:3  | Noticed Agnes
 39622 | Snake:3  | Killed Agnes
 42055 | Snake:4  | Found a basalt altar of Yredelemnul.
 42220 | Snake:4  | Reached XP level 17. HP: 154/170 MP: 26/26
 43220 | Snake:5  | Entered Level 5 of the Snake Pit
 44033 | Snake:5  | Reached skill level 10 in Shields
 45064 | Snake:5  | Got a serpentine rune of Zot
 45938 | Snake:5  | Reached XP level 18. HP: 157/179 MP: 27/27
 46146 | Snake:5  | Reached skill level 18 in Unarmed Combat
 46723 | Shoals:1 | Entered Level 1 of the Shoals
 47277 | Shoals:2 | Reached XP level 19. HP: 185/189 MP: 28/28
 48218 | Shoals:3 | Noticed Rupert
 48246 | Shoals:3 | Killed Rupert
 48274 | Shoals:3 | Found Khoazias' Food Boutique.
 48288 | Shoals:3 | Found Klokep's Food Shop.
 48322 | Shoals:3 | Found Mogumnif's Antique Armour Shoppe.
 48584 | Shoals:3 | Found a glowing silver altar of Zin.
 48689 | Shoals:3 | Huge Dmg: 51 Dmg
 48796 | Shoals:3 | Found Dene's Book Boutique.
 48886 | Shoals:3 | Huge Dmg: 40 Dmg
 48888 | Shoals:3 | Huge Dmg: 37 Dmg
 49375 | Shoals:4 | Noticed Aizul
 49387 | Shoals:4 | Killed Aizul
 49461 | Shoals:4 | Noticed Mara
 49464 | Shoals:5 | Entered Level 5 of the Shoals
 49464 | Shoals:5 | Noticed Asterion
 49468 | Shoals:5 | Noticed Ilsuiw
 49818 | Shoals:5 | Killed Asterion
 49825 | Shoals:5 | Huge Dmg: 75 Dmg
 49939 | Shoals:4 | Noticed reaverb's illusion
 50265 | Shoals:4 | Huge Dmg: 95 Dmg
 50680 | Shoals:4 | Noticed reaverb's illusion
 50842 | Shoals:5 | Got a barnacled rune of Zot
 51031 | Shoals:4 | Killed Ilsuiw
 51031 | Shoals:4 | Reached skill level 15 in Dodging
 51269 | Lair:2   | Gained mutation: You are frail (-10% HP). [potion of mutation]
 51269 | Lair:2   | Gained mutation: You are partially covered in rugged brown scales (AC +1, +3% HP). [potion of mutation]
 51269 | Lair:2   | Gained mutation: You are dopey. (Int -2) [potion of mutation]
 51270 | Lair:2   | Lost mutation: You are dopey. (Int -2) [potion of cure mutation]
 51270 | Lair:2   | Lost mutation: You are frail (-10% HP). [potion of cure mutation]
 51270 | Lair:2   | Lost mutation: You are clumsy. (Dex -2) [potion of cure mutation]
 51270 | Lair:2   | Lost mutation: You are partially covered in rugged brown scales (AC +1, +3% HP). [potion of cure mutation]
 51272 | Lair:2   | Gained mutation: You possess an exceptional clarity of mind. [potion of beneficial mutation]
 51495 | Vaults:1 | Entered Level 1 of the Vaults
 51940 | Vaults:1 | Reached XP level 20. HP: 200/200 MP: 28/28
 52821 | Vaults:1 | Noticed Wiglaf
 52836 | Vaults:1 | Killed Wiglaf
 53075 | Vaults:2 | Paralysed by a hornet for 3 turns
 53493 | Vaults:2 | Huge Dmg: 37 Dmg
 53701 | Vaults:2 | Huge Dmg: 59 Dmg
 53718 | Vaults:2 | Reached skill level 10 in Armour
 54420 | Vaults:2 | Got a flickering ivory ring
 54421 | Vaults:2 | Identified the ring of Zyutheu {Str+7 Int+6 Dex+6} (You found it on level 2 of the Vaults)
 55429 | Vaults:2 | Noticed Frances
 55443 | Vaults:2 | Killed Frances
 56467 | Vaults:3 | Found Wuiniz's Magic Scroll Shoppe.
 56480 | Vaults:3 | Bought a scroll of blinking for 97 gold pieces
 56480 | Vaults:3 | Bought a scroll of fog for 26 gold pieces
 56480 | Vaults:3 | Bought a scroll of magic mapping for 45 gold pieces
 57162 | Vaults:3 | Found an ancient bone altar of Kikubaaqudgha.
 57163 | Vaults:3 | Found a staircase to the Crypt.
 57164 | Vaults:3 | Found a basalt altar of Yredelemnul.
 57775 | Vaults:4 | Noticed Saint Roka
 57799 | Vaults:4 | Killed Saint Roka
 57890 | Vaults:4 | Reached XP level 21. HP: 215/215 MP: 30/30
 58328 | Vaults:4 | Learned a level 1 spell: Apportation
 58380 | Vaults:4 | Reached skill level 15 in Fighting
 58714 | Vaults:4 | Huge Dmg: 52 Dmg
 58715 | Vaults:4 | Huge Dmg: 40 Dmg
 58716 | Vaults:4 | Huge Dmg: 34 Dmg
 59331 | Vaults:2 | Reached skill level 1 in Evocations
 59487 | Depths:1 | Entered Level 1 of the Depths
 59523 | Depths:1 | Noticed scrublord's ghost (powerful HOFi)
 59547 | Depths:1 | Killed scrublord's ghost
 59579 | Depths:1 | Found a gateway to Hell.
 59628 | Depths:1 | Found a one-way gate to the infinite horrors of the Abyss.
 59805 | Depths:1 | Huge Dmg: 50 Dmg
 59941 | Depths:1 | Reached skill level 5 in Evocations
 60093 | Depths:1 | Found a gateway to a ziggurat.
 60158 | Depths:1 | Huge Dmg: 37 Dmg
 60174 | Depths:1 | Huge Dmg: 48 Dmg
 61917 | Depths:2 | Reached XP level 22. HP: 186/227 MP: 30/30
 62693 | Depths:2 | Found a one-way gate leading to the halls of Pandemonium.
 63823 | Depths:3 | Paralysed by a great orb of eyes for 6 turns
 63830 | Depths:3 | Huge Dmg: 120 Dmg
 64068 | Depths:3 | Found Sustat's Assorted Antiques.
 64075 | Depths:3 | Bought a fan of gales for 1040 gold pieces
 64075 | Depths:3 | Bought a potion of haste for 260 gold pieces
 64753 | Depths:3 | Reached skill level 1 in Translocations
 65428 | Depths:4 | Huge Dmg: 52 Dmg
 65602 | Depths:4 | Reached skill level 5 in Translocations
 65704 | Depths:4 | Reached skill level 1 in Spellcasting
 65739 | Depths:4 | Found Gozag's Antique Weapon Shop.
 65743 | Depths:4 | Found an opulent altar of Gozag.
 65747 | Depths:4 | Found Gozag's Antique Armour Boutique.
 65750 | Depths:4 | Found Gozag's Antique Armour Shop.
 66453 | Depths:4 | Reached XP level 23. HP: 208/235 MP: 31/31
 67196 | Depths:5 | Entered Level 5 of the Depths
 67196 | Depths:5 | Noticed Jorgrun
 67368 | Depths:4 | Found Ywucuh's Serpentskin Sales.
 67542 | Depths:5 | Killed Jorgrun
 67564 | Depths:5 | Noticed Jory
 67583 | Depths:5 | Huge Dmg: 40 Dmg
 67596 | Depths:5 | Killed Jory
 67749 | Depths:5 | Huge Dmg: 42 Dmg
 67938 | Depths:5 | Huge Dmg: 48 Dmg
 67944 | Depths:5 | Huge Dmg: 42 Dmg
 68177 | Depths:5 | Noticed Frederick
 68186 | Depths:5 | Huge Dmg: 56 Dmg
 68198 | Depths:5 | Huge Dmg: 77 Dmg
 68272 | Depths:4 | Huge Dmg: 39 Dmg
 68276 | Depths:4 | Huge Dmg: 22 Dmg
 68900 | Depths:5 | Found a gate to the Realm of Zot.
 69057 | Depths:5 | Got an ancient pewter ring
 69058 | Depths:5 | Identified the ring "Weiwy" {rPois rC+ MR+ MP+9} (You took it off a deep elf summoner on level 5 of the Depths)
 69155 | Depths:5 | Killed Frederick
 70818 | Crypt:1  | Entered Level 1 of the Crypt
 71245 | Vaults:4 | Hired Thimof the big kobold for 109 gold.
 71254 | Vaults:5 | Entered Level 5 of the Vaults
 71260 | Vaults:5 | Your ally Thimof died
 71730 | Vaults:5 | Huge Dmg: 51 Dmg
 71731 | Vaults:5 | Huge Dmg: 39 Dmg
 72079 | Vaults:4 | Reached XP level 24. HP: 225/248 MP: 31/31
 72131 | Vaults:4 | Reached skill level 19 in Dodging
 72665 | Vaults:5 | Huge Dmg: 62 Dmg
 73370 | Vaults:5 | Reached skill level 20 in Unarmed Combat
 74861 | Vaults:5 | Found Ociu's Weapon Shop.
 75284 | Vaults:5 | Got a silver rune of Zot
 75573 | Vaults:5 | Identified Sif Muna's Compendium of Lethal Heat (You found it on level 5 of the Vaults)
 76051 | Vaults:5 | Identified the Handbook of Companions
 76776 | Lair:2   | Lost mutation: You possess an exceptional clarity of mind. [helix card]
 76778 | Lair:2   | Hired Icaz Taf the merfolk for 288 gold.
 77231 | D:12     | Bought a potion of might for 64 gold pieces
 77231 | D:12     | Bought a potion of brilliance for 64 gold pieces
 77231 | D:12     | Bought a potion of agility for 64 gold pieces
 77231 | D:12     | Bought a potion of haste for 160 gold pieces
 77588 | Zot:1    | Entered Level 1 of the Realm of Zot
 77605 | Zot:1    | Huge Dmg: 57 Dmg
 77833 | Zot:1    | Reached XP level 25. HP: 202/265 MP: 32/32
 78439 | Zot:2    | Noticed an orb of fire
 78456 | Zot:2    | Huge Dmg: 26 Dmg
 78459 | Zot:2    | Killed an orb of fire
 79754 | Zot:1    | Huge Dmg: 60 Dmg
 79835 | Zot:2    | Noticed an orb of fire
 80196 | Zot:2    | Huge Dmg: 47 Dmg
 80300 | Zot:2    | Upgraded the game from 0.16.1-4-g8e1b745 to 0.16.1-5-gaa23807
 80549 | Zot:3    | Huge Dmg: 36 Dmg
 80551 | Zot:3    | Huge Dmg: 46 Dmg
 80554 | Zot:3    | Huge Dmg: 21 Dmg
 81045 | Zot:3    | Noticed an orb of fire
 81063 | Zot:2    | Killed an orb of fire
 81510 | Zot:4    | Noticed Tiamat
 81602 | Zot:4    | Noticed an ancient lich
 81728 | Zot:3    | Reached skill level 21 in Unarmed Combat
 81808 | Zot:3    | Killed an ancient lich
 81842 | Zot:4    | Huge Dmg: 54 Dmg
 81869 | Zot:3    | Killed Tiamat
 82225 | Zot:3    | Huge Dmg: 47 Dmg
 82228 | Zot:3    | Reached XP level 26. HP: 181/279 MP: 32/32
 82515 | Zot:4    | Noticed an ancient lich
 82546 | Zot:3    | Killed an ancient lich
 82898 | Zot:5    | Entered Level 5 of the Realm of Zot
 82964 | Zot:5    | Huge Dmg: 28 Dmg
 83444 | Zot:5    | Noticed an ancient lich
 83448 | Zot:5    | Huge Dmg: 138 Dmg
 83461 | Zot:5    | Huge Dmg: 36 Dmg
 83664 | Zot:5    | Killed an ancient lich
 84435 | Zot:5    | Reached skill level 22 in Unarmed Combat
 84615 | Zot:5    | Noticed an ancient lich
 84626 | Zot:5    | Killed an ancient lich
 84785 | Zot:5    | Noticed an orb of fire
 84794 | Zot:5    | Killed an orb of fire
 84831 | Zot:5    | Huge Dmg: 124 Dmg
 85011 | Zot:5    | Noticed an orb of fire
 85014 | Zot:5    | Noticed an orb of fire
 85158 | Zot:5    | Noticed an orb of fire
 85159 | Zot:5    | Noticed an ancient lich
 85167 | Zot:5    | Huge Dmg: 61 Dmg
 85182 | Zot:5    | Got the Orb of Zot
 85188 | Zot:5    | Huge Dmg: 57 Dmg
 85190 | Zot:5    | Huge Dmg: 27 Dmg
 85191 | Zot:5    | Huge Dmg: 41 Dmg
 85191 | Zot:5    | HP: 27/279 [Orb Guardian (16)]
 85192 | Zot:5    | Noticed an ancient lich
 85192 | Zot:5    | Huge Dmg: 15 Dmg
 85192 | Zot:5    | HP: 12/279 [ancient lich/bolt of cold (10)]
 85193 | Zot:5    | Huge Dmg: 15 Dmg
 85195 | Zot:5    | Huge Dmg: 25 Dmg
 85203 | Zot:5    | Huge Dmg: 15 Dmg
 85204 | Zot:5    | HP: 4/279 [orb of fire/fireball (33)]
 85205 | Zot:5    | Huge Dmg: 32 Dmg
 85206 | Zot:5    | Killed from afar by an orb of fire

Inventory:

Missiles
 j - 1358 stones (quivered)
Armour
 v - a +2 cloak of magic resistance
 B - a +8 fire dragon armour (worn)
 K - the +14 large shield of the Armoured One (worn) {Str+3 Dex+4}
   (You acquired it on level 8 of the Lair of Beasts)

   It affects your strength (+3).
   It affects your dexterity (+4).
 W - the +4 dragonskin cloak (worn)
   (You took it off Tiamat on level 3 of the Realm of Zot)
 Z - a +2 hat (worn)
Jewellery
 a - a +4 ring of slaying
 m - the ring "Lirphuupo" {rC+ rN+ Dex+2}
   (You found it in a labyrinth)

   [ring of positive energy]

   It affects your dexterity (+2).
   It protects you from cold.
   It protects you from negative energy.
 o - an uncursed ring of see invisible
 t - a +4 ring of slaying (left claw)
 C - an amulet of resist mutation (around neck)
 G - the ring "Weiwy" (right claw) {rPois rC+ MR+ MP+9}
   (You took it off a deep elf summoner on level 5 of the Depths)

   [ring of magical power]

   It protects you from cold.
   It protects you from poison.
   It affects your resistance to hostile enchantments.
   It affects your magic capacity (+9).
 N - an uncursed amulet of resist corrosion
Magical devices
 b - a wand of teleportation (4)
 h - a wand of disintegration (10)
 l - a wand of hasting (6)
 p - a wand of cold (7)
 x - a wand of paralysis (16)
 z - a wand of teleportation (6)
 D - a wand of hasting (6)
 Q - a wand of digging (16)
 S - a wand of paralysis (8)
 X - a wand of paralysis (8)
 Y - a wand of digging (14)
Scrolls
 d - 3 scrolls of teleportation
 e - 9 scrolls of fog
 g - 2 scrolls of fear
 q - 3 scrolls of blinking
 r - 34 scrolls of remove curse
 H - 10 scrolls of recharging
 U - 7 scrolls of identify
Potions
 f - 2 potions of cure mutation
 k - 4 potions of agility
 n - 15 potions of curing
 E - 5 potions of cancellation
 I - a potion of resistance
 J - 6 potions of brilliance
 L - 9 potions of restore abilities
 R - a potion of invisibility
 V - 5 potions of might
Miscellaneous
 c - a lamp of fire
 u - a sack of spiders {used: 2}
 w - a lantern of shadows
 y - a plain deck of summoning {Repulsiveness}
 M - a fan of gales
 O - a plain deck of defence {drawn: 3}
 P - a phial of floods
 T - a stone of tremors
Comestibles
 A - 17 fruits {!e}
 F - 23 meat rations {@e2}

Table legend:
 A = Turns spent in this place as a percentage of turns spent in the entire game.
 B = Non-inter-level travel turns spent in this place as a percentage of non-inter-level travel turns spent in the entire game.
 C = Inter-level travel turns spent in this place as a percentage of turns spent in this place.
 D = Turns resting spent in this place as a percentage of non-inter-level travel turns spent in this place.
 E = Turns spent auto-exploring this place as a percentage of non-inter-level travel turns spent in this place.
 F = Non-inter-level travel turns spent in this place divided by the number of levels of this place that you've seen.
                   A       B       C       D       E      F
               +-------+-------+-------+-------+-------+----------------------
         Total | 100.0 | 100.0 |   0.4 |   2.5 |   1.9 | 938.2
       Dungeon |  18.5 |  18.5 |   0.6 |   2.5 |   3.6 | 646.6
          Lair |  16.0 |  16.0 |   0.7 |   3.2 |   1.8 | 1051.6
        Shoals |   6.7 |   6.7 |   0.3 |   2.3 |   1.7 | 707.2
     Snake Pit |  11.5 |  11.5 |   0.3 |   3.1 |   1.3 | 1206.8
  Orcish Mines |   3.6 |   3.5 |   1.1 |   1.5 |   5.0 | 463.2
        Vaults |  16.9 |  17.0 |   0.3 |   2.0 |   1.2 | 1782.4
         Crypt |   0.5 |   0.5 |   0.0 |   0.0 |   2.8 | 252.0
        Depths |  13.3 |  13.3 |   0.6 |   1.7 |   1.9 | 1395.8
           Zot |  11.0 |  11.1 |   0.0 |   2.8 |   0.0 | 1162.6
     Labyrinth |   0.7 |   0.7 |   0.0 |   0.8 |   0.0 | 389.0
        Bailey |   0.8 |   0.8 |   0.0 |   0.5 |   0.0 | 400.0
       Volcano |   0.5 |   0.5 |   0.0 |   7.7 |   0.0 | 261.0
               +-------+-------+-------+-------+-------+----------------------


   Skills:
 - Level 19.0 Fighting
 - Level 13.0 Armour
 - Level 19.0 Dodging
 - Level 1.1 Stealth
 - Level 13.1 Shields
 + Level 22.9 Unarmed Combat
 - Level 1.3 Spellcasting
 - Level 6.0 Translocations
 - Level 13.1 Invocations
 - Level 7.0 Evocations


You had 26 spell levels left.
You knew the following spells:

 Your Spells              Type           Power        Failure   Level  Hunger
a - Apportation           Tloc           #.........   14%         1    ##.....


Dungeon Overview and Level Annotations

Branches:
Dungeon (15/15)            Temple (0/1) D:5            Lair (8/8) D:10
 Shoals (5/5) Lair:4        Snake (5/5) Lair:6          Orc (4/4) D:12
    Elf (0/3) Orc:4        Vaults (5/5) D:14          Crypt (1/3) Vaults:3
 Depths (5/5) D:15            Zot (5/5) Depths:5
  Slime: Lair:6-8

Altars:
Ashenzari
Cheibriados
Fedhas
Gozag
Kikubaaqudgha
Okawaru
Ru
Sif Muna
Vehumet
Xom
Yredelemnul
Zin
The Shining One
Beogh
Jiyva

Shops:
D:5 =   D:12 !   Orc:4 ([*:(   Shoals:3 :%%[   Vaults:3 ?   Vaults:5 (
Depths:3 *   Depths:4 [[(*

Portals:
Hell: Depths:1 Depths:2 Depths:3 Depths:4 Depths:5
Abyss: Depths:1 Depths:2 Depths:4
Pandemonium: Depths:2 Depths:3 Depths:4
Ziggurat: Depths:1

Annotations:
D:5 1 exclusion
D:6 1 exclusion
D:9 1 exclusion
D:12 1 exclusion
D:13 1 exclusion
D:14 1 exclusion
Lair:2 1 exclusion
Lair:4 exclusion: downstairs
Lair:7 1 runed door, 1 exclusion
Shoals:2 1 exclusion
Shoals:3 exclusions: kraken and 1 more exclusion
Shoals:4 exclusions: 2 downstairs and upstairs, Mara
Shoals:5 1 exclusion
Snake:3 1 exclusion
Snake:5 2 exclusions
Vaults:1 1 exclusion
Vaults:3 1 exclusion
Vaults:4 exclusions: door and 1 more exclusion
Depths:2 3 exclusions
Depths:4 nequoxics loose, exclusions: downstairs and 1 more exclusion
Depths:5 exclusions: upstairs and 1 more exclusion
Zot:1 exclusions: door and 1 more exclusion
Zot:4 1 exclusion
Zot:5 1 exclusion


Innate Abilities, Weirdness & Mutations

You are too large for most types of armour.
You have claws for hands.
Your metabolism is lightning-fast.
You like to eat raw meat.
You heal very quickly.
You are covered in fur (AC +1).
You have very tough skin (AC +2).


Message History

Your blink will be uncontrolled - continue anyway?
You blink.
As you read the scroll of blinking, it crumbles to dust.
The Orb Guardian hits you!
* * * LOW HITPOINT WARNING * * *
You block the Orb Guardian's attack.
The mottled draconian spits sticky flame at you.
You block the splash of liquid fire.
Cornered, the Orb Guardian turns to fight!
You block the Orb Guardian's attack.
A grey draconian zealot comes into view.
It is wielding a falchion.
The grey draconian zealot roars!
Found a wand of random effects.
An ancient lich comes into view.
Huge Dmg: -6%(-15hp) hp: 10%(27hp) Drink which item? (? for menu, Esc to quit)
You feel much better.
The Orb Guardian seems to regain its courage.
You block the Orb Guardian's attack.
The Orb Guardian hits you but does no damage.
You block the ancient lich's attack. The Orb Guardian completely misses you.
You block the Orb Guardian's attack. The Orb Guardian hits you!!
* * * LOW HITPOINT WARNING * * *
The Orb Guardian hits you!
* * * LOW HITPOINT WARNING * * *
The ancient lich casts a spell at you. The bolt of cold hits you! You resist.
* * * LOW HITPOINT WARNING * * *
You block the Orb Guardian's attack.
A white draconian comes into view. It is wielding a scimitar.
Huge Dmg: -5%(-15hp) hp: 5%(12hp) Drink which item? (? for menu, Esc to quit)
Okay, then.
Unknown command.
Drink which item? (? for menu, Esc to quit)
You feel much better. You block the Orb Guardian's attack.
You block the Orb Guardian's attack. x2
The ancient lich completely misses you.
The mottled draconian hits you but does no damage.
The Orb Guardian misses you.
A yellow draconian comes into view. It is wielding a flail.
Drink which item? (? for menu, Esc to quit)
You feel much better.
The Orb Guardian seems to regain its courage.
The Orb Guardian hits you but does no damage.
The ancient lich gestures at you while chanting.
The crystal spear hits you!
* * * LOW HITPOINT WARNING * * *
You block the Orb Guardian's attack. x4
The mottled draconian barely misses you.
The Orb Guardian completely misses you.
The ancient lich touches you but does no damage.
The Orb Guardian hits you but does no damage.
A yellow draconian comes into view. It is wielding a mace.
Huge Dmg: -9%(-25hp) hp: 3%(8hp) Drink which item? (? for menu, Esc to quit)
You feel much better.
Your surroundings suddenly seem different.
Unknown command.
Unknown command.
Unknown command.
Unknown command.
Unknown command.
Unknown command.
Unknown command.
Unknown command.
Unknown command.
Unknown command.
Unknown command.
You hear a distant "Zot"!
You see here a wand of cold.
Have you thought? [(y)es/(n)o/(q)uit] Ok, then Read which item? (? for menu, Esc to quit)
As you read the scroll of teleportation, it crumbles to dust.
You feel strangely unstable.
You feel the orb delaying this translocation!
The orb of fire fails to trigger a blade trap.
The orb of fire glows bright magenta.
The fireball explodes!
The fireball engulfs you! You resist.
* * * LOW HITPOINT WARNING * * *
Huge Dmg: -5%(-15hp) hp: 13%(35hp) Unknown command.
Unknown command.
Unknown command.
Unknown command.
Drink which item? (? for menu, Esc to quit)
You feel agile all of a sudden.
The orb of fire emits a lurid red light.
The fireball explodes!
The fireball engulfs you! You resist.
* * * LOW HITPOINT WARNING * * *
The fireball engulfs the orb of fire.
The orb of fire completely resists.
Huge Dmg: -11%(-32hp) hp: 2%(4hp) Drink which item? (? for menu, Esc to quit)
You feel protected.
You feel a little less clever now.
A red devil comes into view. It is wielding a trident of piercing.
The orb of fire glows bright magenta.
The fireball explodes!
The fireball engulfs you! You resist.
You die...
Fedhas appreciates your contribution to the ecosystem.

...## #......?..................
####***########▓▓▓▓########.#####
,,,,,,,,,,,...#* #.........^...
,,,,,,,,.......## ##............
,,,,,,,...4.....## #....).......
,,,,,............# ##...........
,,...............# #.P.P.......
,...............^# ##.**^.......
................@# #............
...%.............# ##............
................*###...........(.
...^........./..###...###########
....^..........##....## *
(...............^..###
▓.....##▓▓▓▓▓▓▓▓▓▓▓#
...........!...▓▓▓▓
.......(..........▓##


You could see an orb of fire and a red devil.

Table legend:
 A = Kills in this place as a percentage of kills in entire the game.
 B = Kills by you in this place as a percentage of kills by you in the entire game.
 C = Kills by friends in this place as a percentage of kills by friends in the entire game.
 D = Other kills in this place as a percentage of other kills in the entire game.
 E = Experience gained in this place as a percentage of experience gained in the entire game.
 F = Experience gained in this place divided by the number of levels of this place that you have seen.
                   A       B       C       D       E      F
               +-------+-------+-------+-------+-------+----------------------
         Total | 100.0 | 100.0 | 100.0 | 100.0 | 100.0 | 24661.4
       Dungeon |  20.1 |  19.4 |  60.5 |  28.6 |   5.8 | 5320.1
          Lair |  12.1 |  11.8 |  28.9 |   0.0 |   4.6 | 7911.9
        Shoals |   5.2 |   5.3 |   2.6 |   0.0 |   5.0 | 13931.6
     Snake Pit |  11.4 |  11.5 |   0.0 |  14.3 |  10.7 | 29530.8
  Orcish Mines |   7.7 |   7.9 |   0.0 |   0.0 |   1.0 | 3570.2
        Vaults |  18.9 |  19.2 |   0.0 |   0.0 |  24.6 | 67993.6
         Crypt |   0.5 |   0.5 |   0.0 |   0.0 |   0.3 | 4777.0
        Depths |  15.2 |  15.4 |   0.0 |  42.9 |  23.4 | 64749.0
           Zot |   7.5 |   7.4 |   7.9 |  14.3 |  24.2 | 66858.8
     Labyrinth |   0.2 |   0.2 |   0.0 |   0.0 |   0.1 | 1762.0
        Bailey |   1.0 |   1.0 |   0.0 |   0.0 |   0.1 | 836.0
       Volcano |   0.2 |   0.2 |   0.0 |   0.0 |   0.1 | 967.0
               +-------+-------+-------+-------+-------+----------------------

Vanquished Creatures
  Tiamat (Zot:3)
  3 orbs of fire
  4 ancient liches
  Saint Roka (Vaults:4)
  2 curse toes (Zot:5)
  2 Killer Klowns (Zot:5)
  9 golden dragons
  Jory (Depths:5)
  Frederick (Depths:5)
  A bone dragon (Depths:5)
  8 electric golems
  A lich (Depths:2)
  14 tentacled monstrosities
  7 titans
  10 Orb Guardians (Zot:5)
  Asterion (Shoals:5)
  8 sphinxes
  An ancient champion (Crypt:1)
  3 octopode crushers
  Rupert (Shoals:3)
  Agnes (Snake:3)
  4 shadow dragons
  14 storm dragons
  Frances (Vaults:2)
  10 tengu reavers
  5 draconian monks
  Ilsuiw (Shoals:4)
  12 greater nagas
  8 fire giants
  Donald (Orc:4)
  Wiglaf (Vaults:1)
  Maud (D:15)
  8 frost giants
  An orc warlord (Orc:4)
  4 draconian scorchers
  Aizul (Shoals:4)
  10 vault wardens
  A draconian zealot (Zot:1)
  2 ghost moths
  A draconian knight (Zot:3)
  A deep elf sorcerer (Zot:3)
  6 emperor scorpions
  The ghost of scrublord the Cleaver, a powerful HOFi of Beogh (Depths:1)
  Jorgrun (Depths:5)
  2 draconian annihilators (Zot:3)
  23 very ugly things
  2 war gargoyles (Vaults:5)
  2 draconian callers
  15 ironheart preservers
  A spriggan defender (Vaults:2)
  5 deep elf demonologists
  7 green draconians
  A draconian shifter (Zot:1)
  5 grey draconians
  13 stone giants
  3 dire elephants
  2 vampire knights (Vaults:2)
  6 black draconians
  2 mottled draconians
  4 pale draconians
  2 white draconians
  3 red draconians
  3 purple draconians
  4 yellow draconians
  3 deep elf death magi
  16 ettins
  A blizzard demon (Depths:3)
  Snorg (Orc:3)
  3 merfolk javelineers
  A fire dragon (shapeshifter) (Zot:4)
  6 great orbs of eyes
  10 merfolk impalers
  23 fire dragons
  11 death cobs
  3 deep elf high priests
  3 minotaurs
  15 yaktaur captains
  28 vault guards
  9 rakshasas
  22 naga warriors
  A hell beast (Depths:4)
  18 ice dragons
  A monstrous demonspawn (Depths:3)
  4 hydras
  A catoblepas (Depths:2)
  3 merfolk avatars (Shoals:5)
  A spriggan air mage (Depths:3)
  Erica (Lair:2)
  3 alligator snapping turtles
  A caustic shrike simulacrum (Depths:4)
  An anaconda (shapeshifter) (Depths:2)
  5 merfolk aquamancers
  14 ogre magi
  7 centaur warriors
  A death knight (Crypt:1)
  11 deep troll shamans
  17 anacondas
  51 death yaks
  7 tengu warriors
  An orc high priest (Orc:4)
  15 deep troll earth magi
  A satyr (Shoals:3)
  13 naga sharpshooters
  2 dancing weapons (Vaults:5)
  A vampire mage (Depths:4)
  3 spriggan berserkers
  Urug (Orc:3)
  2 sun demons
  4 shock serpents
  2 spriggans (Depths:2)
  A titan skeleton (Vaults:5)
  A shock serpent (shapeshifter) (Vaults:5)
  11 hell knights
  A fire crab (Vaults:2)
  2 salamander mystics
  6 iron trolls
  12 deep elf knights
  An ice devil (Depths:3)
  27 deep trolls
  6 sea snakes
  17 skeletal warriors
  A flayed ghost (Vaults:4)
  3 deep elf summoners
  14 ironbrand convokers
  4 unseen horrors
  11 naga ritualists
  2 giant orange brains
  A swamp dragon (shapeshifter) (D:14)
  A wolf spider zombie (D:14)
  7 harpies
  12 mana vipers
  A mana viper (shapeshifter) (Vaults:5)
  A wolf spider (shapeshifter) (Vaults:5)
  5 necromancers
  4 wizards
  8 hill giants
  10 orc knights
  A hornet (shapeshifter) (Vaults:3)
  12 deep elf conjurers
  2 orc sorcerers (Orc:4)
  2 wolf spiders
  8 fauns
  3 phantasmal warriors
  2 fire giant zombies (Vaults:4)
  A moth of wrath (shapeshifter) (Depths:2)
  11 cyclopes
  2 hornets
  13 griffons
  21 moths of wrath
  2 human zombies
  A draconian (shapeshifter) (D:15)
  56 ugly things
  9 manticores
  7 water nymphs
  11 drowned souls (Shoals:5)
  A manticore (shapeshifter) (Vaults:5)
  34 black mambas
  11 sirens
  16 salamanders
  An eye of devastation (shapeshifter) (Depths:3)
  A fire giant skeleton (Vaults:4)
  3 elephants (Lair:8)
  A frost giant skeleton (Vaults:5)
  10 komodo dragons
  3 centaur zombies
  10 vault sentinels
  A small abomination (Vaults:4)
  20 guardian serpents
  A queen ant (Lair:4)
  21 naga magi
  3 torpor snails
  65 yaktaurs
  A yaktaur zombie (Vaults:4)
  13 spiny frogs
  2 kobold demonologists (Vaults:2)
  A yaktaur (shapeshifter) (Depths:1)
  A silent spectre (Crypt:1)
  A demonic crawler (Depths:5)
  A red devil (Depths:3)
  2 yaktaur skeletons
  7 deep elf priests
  2 merfolk (shapeshifter)
  3 efreet
  A hellwing (Vaults:5)
  19 two-headed ogres
  11 freezing wraiths
  5 polar bears
  A polar bear (shapeshifter) (D:15)
  3 trolls
  A jumping spider (Vaults:3)
  24 merfolk
  2 wind drakes
  5 tengu conjurers
  20 blink frogs
  An ettin zombie (Depths:4)
  A two-headed ogre (shapeshifter) (Vaults:2)
  4 boulder beetles
  23 slime creatures
  5 snapping turtles
  5 fire drakes
  11 ravens
  3 vampires
  5 basilisks
  13 deep elf magi
  2 shadows
  30 water moccasins
  A trapdoor spider (D:11)
  A human simulacrum (Vaults:5)
  2 trapdoor spiders (shapeshifter)
  A centaur simulacrum (D:14)
  17 water elementals
  21 fire elementals (Zot:2)
  13 redbacks
  54 yaks
  4 wraiths
  7 hungry ghosts
  5 wyverns
  15 hippogriffs
  2 tarantellas
  31 deep elf fighters
  Grum (D:12)
  2 steam dragons (Lair:8)
  14 vampire mosquitoes
  82 nagas
  A redback simulacrum (D:15)
  3 mottled dragons
  3 wargs
  Edmund (D:5)
  Menkaure (D:6)
  24 wolves
  A deep troll zombie (Vaults:2)
  A soldier ant (shapeshifter) (Depths:3)
  A black bear (shapeshifter) (Depths:1)
  2 sky beasts
  A spider (D:13)
  2 wasps (Depths:2)
  3 black bears
  A phantom (D:9)
  16 porcupines
  46 ogres
  An ogre (shapeshifter) (Vaults:5)
  12 boggarts
  12 ice beasts
  45 orc warriors
  3 eyes of draining
  A boring beetle (shapeshifter) (Vaults:4)
  21 crocodiles
  15 centaurs
  16 giant frogs
  3 boring beetles (D:10)
  Blork the orc (D:9)
  A salamander skeleton (Crypt:1)
  2 scorpions
  A warg skeleton (Crypt:1)
  23 wights
  4 electric eels
  A spriggan skeleton (D:11)
  6 killer bees
  2 jellies
  6 crimson imps
  16 hounds
  A quasit (Vaults:2)
  13 orc priests
  A giant frog zombie (D:9)
  7 centaur skeletons
  5 giant frog skeletons
  24 orc wizards
  6 hell rats (Lair:5)
  8 iguanas
  28 sheep
  8 worker ants
  A killer bee zombie (D:8)
  A hound skeleton (D:7)
  3 mummies
  A worker ant zombie (D:8)
  26 adders
  A giant mite (D:3)
  6 gnolls
  24 river rats
  4 shadow imps
  3 worms
  An adder zombie (D:9)
  An adder skeleton (D:4)
  7 giant geckos
  An ooze (D:1)
  148 orcs
  17 bats
  2 bat skeletons
  6 giant cockroaches
  24 goblins
  20 hobgoblins
  11 quokkas
  2 giant gecko skeletons
  6 giant newts
  17 jackals
  18 kobolds
  6 orc skeletons (Orc:4)
  A quokka skeleton (D:5)
  A quokka zombie (D:9)
  17 rats
  2 crawling corpses
2444 creatures vanquished.

Vanquished Creatures (collateral kills)
  A curse toe (Zot:5)
  A yellow draconian (Zot:5)
  5 hydras
  The ghost of Sharkman1231 the Impaler, an experienced MfGl of Okawaru (D:8)
  A moth of wrath (Zot:4)
  A komodo dragon (Lair:7)
  A fire drake (Lair:5)
  3 trolls
  A merfolk (Shoals:4)
  A wraith (D:10)
  3 yaks (D:10)
  A hippogriff (Lair:8)
  2 water moccasins
  The ghost of Smurfinger the Digger, an average GrEE (D:4)
  The ghost of Artificial the Magician, an average GrWz (D:3)
  An orc warrior (D:9)
  A boring beetle (D:10)
  A giant frog (D:6)
  A crocodile (Lair:1)
  2 killer bees (D:10)
  5 wights
  An iguana (D:6)
  An orc (D:8)
  A hobgoblin (D:7)
  A bat (D:4)
  A rat (D:10)
40 creatures vanquished.

Vanquished Creatures (others)
  A tengu reaver (Depths:5)
  An eldritch tentacle (Vaults:1)
  A ghost moth (Zot:3)
  An ice dragon (Zot:5)
  8 oklob plants
  A faun (Shoals:4)
  4 moths of wrath
  14 drowned souls (Shoals:5)
  A fire drake (Zot:3)
  A two-headed ogre (Vaults:5)
  A yak (D:10)
  A water elemental (Shoals:4)
  2 hogs (Volcano)
  A naga (Snake:5)
  3 spiders
  An ogre (Depths:2)
  3 boggarts (Depths:2)
  A big kobold (Vaults:5)
  8 wandering mushrooms
  A giant frog (D:14)
  An earth elemental (Lair:1)
  A wight (D:14)
  A killer bee zombie (D:10)
  5 sheep (Lair:1)
  2 worker ant zombies
  An orc (Vaults:3)
  4 giant spores
  A rat (D:10)
  5 ballistomycetes (D:10)
  A crawling corpse (Vaults:5)
  98 eldritch tentacle segments (Vaults:1)
  5 fungi
  3 plants
  7 tentacles (Shoals:3)
  333 tentacle segments (Shoals:3)
  2122 toadstools
2645 creatures vanquished.

Grand Total: 5129 creatures vanquished

Action                   |  1- 3 |  4- 6 |  7- 9 | 10-12 | 13-15 | 16-18 | 19-21 | 22-24 | 25-27 || total
-------------------------+-------+-------+-------+-------+-------+-------+-------+-------+-------++-------
Melee: Unarmed           |   101 |   158 |   289 |   631 |  1675 |  1444 |  2192 |  2275 |   994 ||  9759
Throw: Stone             |     1 |       |     2 |    14 |     9 |       |     1 |     1 |       ||    28
 Cast: Apportation       |       |       |       |       |       |       |       |     6 |     4 ||    10
Invok: Evolution         |       |     3 |     3 |     5 |     2 |       |       |       |     8 ||    21
       Sunlight          |       |       |       |     2 |     1 |       |     1 |     2 |       ||     6
       Growth            |       |       |       |       |       |       |       |       |     4 ||     4
       Rain              |       |       |       |       |       |       |       |       |     1 ||     1
Evoke: Wand              |       |       |     1 |    14 |    17 |       |     2 |     2 |     2 ||    38
       Stone of tremors  |       |       |       |     1 |     1 |       |       |       |       ||     2
       Lamp of fire      |       |       |       |       |     2 |       |       |     1 |       ||     3
       Sack of spiders   |       |       |       |       |     1 |       |     1 |       |       ||     2
       Deck              |       |       |       |       |       |     8 |       |    16 |       ||    24
  Use: Scroll            |       |       |       |    29 |    24 |    10 |    11 |    13 |    22 ||   109
       Potion            |       |       |       |     3 |     3 |     1 |     7 |     4 |    17 ||    35
 Stab: Sleeping          |       |       |     2 |     1 |       |       |       |       |       ||     3
       Confused          |       |       |       |     4 |       |       |       |       |       ||     4
       Distracted        |       |       |       |     2 |     2 |       |       |     2 |     8 ||    14
       Fleeing           |       |       |       |       |     1 |       |       |       |       ||     1
       Paralysed         |       |       |       |       |     3 |       |     3 |       |       ||     6
       Petrifying        |       |       |       |       |       |       |     1 |       |       ||     1
  Eat: Chunk             |    14 |    10 |    41 |    59 |   157 |   109 |   125 |   106 |    48 ||   669
       Pizza             |       |     1 |       |     2 |     2 |       |     1 |     2 |       ||     8
       Beef jerky        |       |       |     1 |     3 |     2 |       |     1 |     2 |       ||     9
       Bread ration      |       |       |       |     4 |     1 |       |     2 |     1 |       ||     8
       Meat ration       |       |       |       |       |     1 |       |       |     4 |     3 ||     8
       Royal jelly       |       |       |       |       |     1 |       |       |     4 |       ||     5
